 Dungeon Crawl Stone Soup version 0.27-a0-819-g058290f16d (webtiles) character file.

Game seed: 815908319227042085

119 jestyr24 the Magician (level 5, 0/36 HPs)
             Began as a Djinni Fire Elementalist on Mar 29, 2021.
             Killed by an exploding gnoll (7 damage)
             ... ignited by their inner flame
             ... on level 2 of the Dungeon.
             The game lasted 00:12:23 (2238 turns).

jestyr24 the Magician (Djinni Fire Elementalist)    Turns: 2238, Time: 00:12:25

Health: 0/36       AC:  2    Str:  7    XL:     5   Next: 3%
Gold:   63         EV: 28    Int: 18    God:
                   SH:  0    Dex: 13

rFire    + + .     SeeInvis .   d - +1 dagger (venom)
rCold    x . .     Faith    .   (no shield)
rNeg     . . .     Spirit   .   a - +0 robe
rPois    ∞         Reflect  .   (no helmet)
rElec    .         Harm     .   (no cloak)
rCorr    .         Rampage  .   (no gloves)
Will     .....                  (boots unavailable)
Stlth    ++........             c - amulet of the acrobat
HPRegen  0.12/turn              (no ring)
MPRegen  0.00/turn              (no ring)

@: acrobatic, flying, very slightly contaminated
A: fire resistance 2, cold vulnerability 1, float, innate caster, hp casting,
extra vitality 1
a: no special abilities


You were on level 2 of the Dungeon.
You visited 1 branch of the dungeon, and saw 2 of its levels.

You collected 63 gold pieces.

Inventory:

Hand Weapons
 d - a +1 dagger of venom (weapon)
Missiles
 h - 19 poisoned darts
 l - 2 throwing nets
Armour
 a - a +0 robe (worn)
Jewellery
 c - an amulet of the acrobat (around neck)
Scrolls
 b - a scroll of amnesia {unknown}
 f - a scroll of fear {unknown}
 i - a scroll of summoning {unknown}
 j - a scroll of magic mapping {unknown}
Potions
 e - a potion of experience {unknown}
 g - a potion of haste {unknown}
 k - a potion of mutation {unknown}


   Skills:
 * Level 0.6 Fighting
 + Level 3.2 Dodging
 + Level 2.1 Stealth
 + Level 4.0 Spellcasting


You couldn't memorise any spells.
You knew the following spells:

 Your Spells              Type           Power      Damage    Failure   Level
a - Foxfire               Conj/Fire      72%        2x1d7     2%          1
b - Conjure Flame         Conj/Fire      18%        6-21      9%          3
c - Inner Flame           Hex/Fire       18%        N/A       9%          3
d - Sticky Flame          Conj/Fire      18%        2d4       26%         4
e - Fireball              Conj/Fire      9%         3d6       58%         5
f - Sting                 Tmut/Pois      72%        1d6       2%          1
g - Ensorcelled Hibernat  Hex/Ice        36%        N/A       4%          2
Your spell library was empty.

Dungeon Overview and Level Annotations

Branches:
Dungeon (2/15)

Altars:
Dithmenos


Innate Abilities, Weirdness & Mutations

You are immune to poison.
Your flesh is very heat resistant. (rF++)
You are vulnerable to cold. (rC-)
You float through the air rather than walking.
You learn spells naturally, not from books.
Your magical power is your life essence.
You have superior vitality. (+4 HP)


Message History

You reach down and open the door.
There is an open door here.
You start resting.
A gnoll is nearby!
Casting: Foxfire (safe; 2% risk of failure)
Confirm with . or Enter, or press ? or * to list all spells.
Aiming: Inner Flame (dangerous; 9% risk of failure)
Press: ? - help, Shift-Dir - straight line, f - gnoll
Aim: a gnoll, quivering stones (chance to affect: 81%)
The gnoll barely resists.
There is an open door here.
Casting: Inner Flame (dangerous; 9% risk of failure)
Confirm with . or Enter, or press ? or * to list all spells.
Aiming: Inner Flame (dangerous; 9% risk of failure)
Press: ? - help, Shift-Dir - straight line, f/p - gnoll
Aim: a gnoll, quivering stones (chance to affect: 81%)
You miscast Inner Flame.
You are very lightly contaminated with residual magic.
Nothing appears to happen.
The gnoll throws a stone.
The stone misses you.
Casting: Inner Flame (dangerous; 9% risk of failure)
Confirm with . or Enter, or press ? or * to list all spells.
Aiming: Inner Flame (dangerous; 9% risk of failure)
Press: ? - help, Shift-Dir - straight line, f/p - gnoll
Aim: a gnoll, quivering stones (chance to affect: 81%)
The gnoll is filled with an inner flame.
You are too injured to fight recklessly!
Unknown command.
You are too injured to fight recklessly!
Casting: Inner Flame (dangerous; 9% risk of failure)
Confirm with . or Enter, or press ? or * to list all spells.
You conjure some foxfire!
The gnoll hits you.
* * * LOW HITPOINT WARNING * * *
The foxfire hits the gnoll.
Flame seeps out of the gnoll.
The gnoll is moderately wounded.
The foxfire hits the gnoll.
Flame seeps out of the gnoll.
The gnoll is severely wounded.
The gnoll is engulfed in blazing flames.
The gnoll explodes!
The fiery explosion engulfs you! You resist.
You die...

#.........#......####
#.... ..........#....###
#..## ..........#....#
#.## .........[#....# #..
..........#....# ##..##
#.........##...## #.....
#......[.....#..#
###..##..
#.........####### ...(....
#........§@#≈≈≈≈#
###.##.#.
..###...§§○g#.≈###......#.
## #######§.#.'........>.
#≈.≈. #.#≈≈≈≈#g.........
.≈.≈# #.######..........
##≈.≈. #..............†..
.≈.≈## #.............)..#
##≈g≈.###................#
.g(≈ #(.......^.........#


You could see a goblin.

Vanquished Creatures
  Jessica (D:2)
  2 gnolls (D:2)
  2 adders (D:2)
  An orc (D:2)
  6 bats (D:1)
  3 endoplasms
  2 giant cockroaches (D:1)
  3 goblins (D:1)
  5 hobgoblins
  19 jackals
  A quokka (D:1)
  3 ball pythons
  2 frilled lizards
  4 kobolds
  3 rats
57 creatures vanquished.

Vanquished Creatures (others)
  113 foxfires
113 creatures vanquished.

Grand Total: 170 creatures vanquished

Notes
Turn   | Place    | Note
-------+----------+-------------------------------------------
     0 | D:1      | jestyr24 the Djinni Fire Elementalist began the quest for
                  | the Orb.
     0 | D:1      | Reached XP level 1. HP: 15/15 MP: 0/0
   145 | D:1      | Reached skill level 3 in Spellcasting
   189 | D:1      | Reached XP level 2. HP: 18/21 MP: 0/0
   779 | D:1      | Reached XP level 3. HP: 25/25 MP: 0/0
   779 | D:1      | Learned a level 1 spell: Sting
  1753 | D:2      | Noticed Jessica
  1758 | D:2      | Killed Jessica
  1759 | D:2      | Reached XP level 4. HP: 29/31 MP: 0/0
  1874 | D:2      | Found a shadowy altar of Dithmenos.
  2120 | D:2      | Reached skill level 4 in Spellcasting
  2212 | D:2      | Reached XP level 5. HP: 19/36 MP: 0/0
  2212 | D:2      | Learned a level 2 spell: Ensorcelled Hibernation
  2238 | D:2      | Killed by an exploding gnoll... ignited by their inner
                  | flame

Illustrated notes

Levels and vault maps discovered:
D:1:      dpeg_arrival_oval, layout_basic, minmay_cupped
D:2:      layout_rooms, okawaru_altar_gauntlet_db,
          grunt_dithmenos_smoke_and_mirrors, kennysheep_generic_room_14,
          uniq_jessica

Skill      XL: |  1  2  3  4 |
---------------+-------------+-----
Spellcasting   | 3 4 |  4.0
Dodging        | 3 |  3.2
Stealth        | 2 |  2.1
Fighting       | |  0.6

Action                   |  1- 3 |  4- 6 || total
-------------------------+-------+-------++-------
Melee: Dagger            |    34 |     2 ||    36
 Cast: Foxfire           |    45 |    22 ||    67
       Inner Flame       |       |     3 ||     3
Armor: Robe              |    16 |       ||    16
Dodge: Dodged            |    69 |     6 ||    75

Table legend: (Time is in decaauts)
 A = Elapsed time spent in this place.
 B = Non-inter-level travel time spent in this place.
 C = Inter-level travel time spent in this place.
 D = Time resting spent in this place.
 E = Time spent auto-exploring this place.
 F = Levels seen in this place.
 G = Mean time per level.
                   A        B        C        D        E       F      G
               +--------+--------+--------+--------+--------+-----+--------+
         Total |   2237 |   2154 |     83 |    443 |   1331 |   2 | 1118.5 |
       Dungeon |   2237 |   2154 |     83 |    443 |   1331 |   2 | 1118.5 |
               +--------+--------+--------+--------+--------+-----+--------+

Top non-repeatable levels by time:
     D:1: 1490 daAuts
     D:2: 746 daAuts
